 Dungeon Crawl Stone Soup version 0.26-a0-668-gd58323b419 (webtiles) character file.

Game seed: 4701310059186797145

1065 mattiecakes the Destroyer (level 8, -4/36 HPs)
             Began as a Vine Stalker Conjurer on Oct 5, 2020.
             Was an Initiate of Sif Muna.
             Slain by Pikel
             ... wielding a +0 whip of electrocution
              (17 damage)
             ... on level 4 of the Dungeon on Oct 19, 2020.
             The game lasted 00:19:50 (5828 turns).

mattiecakes the Destroyer (Vine Stalker Conjurer)   Turns: 5828, Time: 00:19:52

Health: -4/36      AC:  3    Str: 10    XL:     8   Next: 27%
Magic:  0/12       EV: 12    Int: 20    God:    Sif Muna [......]
Gold:   192        SH:  0    Dex: 13    Spells: 8/11 levels left

rFire    . . .     SeeInvis .   n - staff of conjuration
rCold    . . .     Faith    .   (no shield)
rNeg     . . .     Spirit   +   a - +0 robe
rPois    .         Reflect  .   (no helmet)
rElec    .         Harm     .   m - +0 cloak
rCorr    .         Rampage  .   (no gloves)
MR       +....                  (no boots)
Stlth    ++........             (no amulet)
HPRegen  0.52/turn              (no ring)
MPRegen  0.13/turn              (no ring)

@: lightly drained
A: fangs 3, regeneration 1, magic shield, antimagic bite, no potion heal 3, rot
immunity
a: Renounce Religion


You were on level 4 of the Dungeon.
You worshipped Sif Muna.
Sif Muna was noncommittal.
You visited 2 branches of the dungeon, and saw 6 of its levels.

You collected 192 gold pieces.

Inventory:

Hand Weapons
 k - a +1 dagger
Armour
 a - a +0 robe (worn)
 m - a +0 cloak (worn)
Magical Staves
 n - an uncursed staff of conjuration (weapon)
Jewellery
 y - an uncursed amulet of the acrobat {unknown}
Wands
 r - a wand of iceblast (7)
 v - a wand of paralysis (7)
Scrolls
 c - 2 scrolls of teleportation
 d - 2 scrolls of remove curse {unknown}
 g - 2 scrolls of identify {unknown}
 p - a scroll of magic mapping
 q - a scroll of fear
 s - a scroll of fog {unknown}
 u - a scroll of blinking {unknown}
 x - a scroll of enchant weapon
Potions
 b - a potion of lignification {unknown}
 e - 2 potions of flight {unknown}
 f - 2 potions of haste {unknown}
 h - 3 potions of degeneration {unknown}
 i - a potion of might {unknown}
 j - 3 potions of heal wounds {unknown}
 l - 3 potions of curing {unknown}
 o - 3 potions of ambrosia {unknown}
 t - a potion of mutation {unknown}
 w - a potion of cancellation {unknown}


   Skills:
 + Level 1.4(1.2) Staves
 - Level 1.5(1.3) Dodging
 - Level 2.4(2.1) Stealth
 - Level 2.1(1.9) Spellcasting
 - Level 9.9(9.6) Conjurations
 + Level 1.4(1.2) Evocations


You had 8 spell levels left.
You knew the following spells:

 Your Spells              Type           Power        Failure   Level
a - Magic Dart            Conj           ####         1%          1
b - Searing Ray           Conj           ######       1%          2

Your spell library contained the following spells:

 Spells                   Type           Power        Failure   Level
 Dazzling Flash           Conj/Hex       ####..       7%          3
 Corona                   Hex            #......      16%         1
 Fulminant Prism          Conj/Hex       ####......   22%         4
 Iskenderun's Mystic Bla  Conj/Tloc      ####....     22%         4
 Ensorcelled Hibernation  Hex/Ice        #.....       24%         2
 Confusing Touch          Hex            #.......     43%         3
 Tukima's Dance           Hex            #.......     43%         3


Dungeon Overview and Level Annotations

Branches:
Dungeon (5/15)             Temple (1/1) D:4

Altars:
Cheibriados
Dithmenos
Fedhas
Hepliaklqana
Kikubaaqudgha
Nemelex Xobeh
Okawaru
Qazlal
Ru
Sif Muna
Trog
Uskayaw
Vehumet
Wu Jian
Xom
Yredelemnul
The Shining One

Annotations:
D:4 Pikel


Innate Abilities, Weirdness & Mutations

You have razor-sharp teeth.
Your natural rate of healing is unusually fast.
When hurt, damage is shared between your health and your magic reserves.
Your bite disrupts and absorbs the magic of your enemies.
Potions cannot restore your health.
You are immune to rotting.


Message History

Unknown command.
Unknown command.
Okay, then.
Unknown command.
Casting: Searing Ray (safe; 1% risk of failure)
Confirm with . or Enter, or press ? or * to list all spells.
Aiming: Searing Ray (safe; 1% risk of failure)
Press: ? - help, Shift-Dir - straight line, f - Pikel
Aim: Pikel, wielding a +0 whip of electrocution and wearing a +0 robe You feel a surge of power!
The searing ray hits Pikel!
Pikel is moderately wounded.
The searing ray hits the orc!
You kill the orc!
Sif Muna accepts your kill.
The searing ray hits the lemure!
The lemure is heavily wounded.
The searing ray misses the lemure. (Press . to maintain the ray.) Pikel hits you but does no damage.
You are electrocuted!!
You die...

............#
............#
............#
............#
............#
............#
............#
............######
.............55K@#
#.##.#####.#######
#.##.# #.# #.##.#
#.# ..##.# #.#
####.# #.# #.# #.#
####.# #.#
...#.#####.#


You could see Pikel and 2 lemures.

Vanquished Creatures
  Grinder (D:4)
  Eustachio (D:4)
  Edmund (D:4)
  2 ogres
  2 lemures (D:4)
  A bullfrog skeleton (D:4)
  4 orc priests
  2 orc wizards (D:4)
  An iguana (D:4)
  A worker ant (D:4)
  7 adders
  4 worms
  2 dart slugs
  3 leopard geckos
  19 orcs
  9 bats
  8 giant cockroaches
  7 goblins
  9 hobgoblins
  9 jackals
  4 quokkas
  2 ball pythons
  4 frilled lizards
  A jackal skeleton (D:4)
  14 kobolds
  6 rats (D:2)
124 creatures vanquished.

Notes
Turn   | Place    | Note
-------+----------+-------------------------------------------
     0 | D:1      | mattiecakes the Vine Stalker Conjurer began the quest for
                  | the Orb.
     0 | D:1      | Reached XP level 1. HP: 9/9 MP: 4/4
   244 | D:1      | Reached XP level 2. HP: 13/13 MP: 4/6
   969 | D:2      | Reached XP level 3. HP: 16/16 MP: 4/7
  1019 | D:2      | Reached skill level 5 in Conjurations
  1085 | D:2      | Upgraded the game from 0.26-a0-658-gbdda728c12 to
                  | 0.26-a0-667-g92642533e4
  1483 | D:2      | Gained mutation: Your natural rate of healing is unusually
                  | fast. [Vine Stalker growth]
  1483 | D:2      | Reached XP level 4. HP: 21/21 MP: 3/8
  2718 | D:3      | Reached skill level 6 in Conjurations
  2744 | D:3      | Reached XP level 5. HP: 24/24 MP: 3/9
  3461 | D:3      | Noticed an ogre
  3463 | D:3      | Reached skill level 7 in Conjurations
  3503 | D:3      | Killed an ogre
  3503 | D:3      | Reached XP level 6. HP: 9/28 MP: 5/10
  3824 | D:3      | Upgraded the game from 0.26-a0-667-g92642533e4 to
                  | 0.26-a0-668-gd58323b419
  3952 | D:3      | Learned a level 2 spell: Searing Ray
  4115 | D:4      | Found an ornate altar of the Wu Jian Council.
  4154 | D:4      | Reached skill level 8 in Conjurations
  4255 | D:4      | Reached XP level 7. HP: 32/32 MP: 5/11
  4370 | D:4      | Noticed Grinder
  4381 | D:4      | Killed Grinder
  4381 | D:4      | Reached skill level 9 in Conjurations
  4801 | D:4      | Found a staircase to the Ecumenical Temple.
  4812 | D:4      | Noticed Edmund
  4881 | D:4      | Killed Edmund
  5071 | Temple   | Entered the Ecumenical Temple
  5156 | Temple   | Became a worshipper of Sif Muna the Loreminder
  5175 | D:4      | Gained mutation: You have razor-sharp teeth. [Vine Stalker
                  | growth]
  5175 | D:4      | Reached XP level 8. HP: 28/36 MP: 2/12
  5496 | D:4      | Noticed Eustachio
  5582 | D:4      | Killed Eustachio
  5582 | D:4      | Reached skill level 1 in Staves
  5582 | D:4      | Reached skill level 1 in Evocations
  5763 | D:5      | Entered Level 5 of the Dungeon
  5763 | D:5      | Noticed Pikel
  5828 | D:4      | Slain by Pikel

Illustrated notes

Levels and vault maps discovered:
D:1:      wander_arrival_estate, layout_basic
D:2:      layout_basic, hangedman_feature_mirror, minmay_tetromino_l4
D:3:      layout_rooms, minmay_between
D:4:      layout_basic, old_standard_altar, minmay_temple_entry_trees,
          uniq_eustachio, uniq_edmund, uniq_grinder
D:5:      layout_loops_ring, basic_altar, minmay_lizard_king, uniq_pikel
Temple:   compressed_dpeg_circular_temple

Skill      XL: |  1  2  3  4  5  6  7  8 |
---------------+-------------------------+-----
Conjurations   | 5 6 7 8 9 |  9.9
Staves         | 1 |  1.4
Evocations     | 1 |  1.4
Dodging        | |  1.5
Stealth        | |  2.4
Spellcasting   | |  2.1

Action                   |  1- 3 |  4- 6 |  7- 9 || total
-------------------------+-------+-------+-------++-------
Melee: Dagger            |       |    21 |    15 ||    36
       Bite              |       |     6 |     4 ||    10
       Staff             |       |       |    13 ||    13
 Cast: Magic Dart        |    62 |   165 |    58 ||   285
       Searing Ray       |       |     3 |    13 ||    16
  Use: Scroll            |       |     5 |       ||     5
Armor: Robe              |       |     2 |    19 ||    21
Dodge: Dodged            |     1 |    28 |    52 ||    81

Table legend: (Time is in decaauts)
 A = Elapsed time spent in this place.
 B = Non-inter-level travel time spent in this place.
 C = Inter-level travel time spent in this place.
 D = Time resting spent in this place.
 E = Time spent auto-exploring this place.
 F = Levels seen in this place.
 G = Mean time per level.
                   A        B        C        D        E       F      G
               +--------+--------+--------+--------+--------+-----+--------+
         Total |   5831 |   5736 |     95 |   1310 |   3520 |   6 |  971.8 |
       Dungeon |   5679 |   5593 |     86 |   1255 |   3451 |   5 | 1135.8 |
        Temple |    152 |    143 |      9 |     55 |     69 |   1 |  152.0 |
               +--------+--------+--------+--------+--------+-----+--------+

Top non-repeatable levels by time:
     D:2: 1872 daAuts
     D:4: 1627 daAuts
     D:3: 1383 daAuts
     D:1: 792 daAuts
  Temple: 152 daAuts
     D:5: 4 daAuts
